 Dungeon Crawl Stone Soup version 0.25.1-9-gc5326a611f (webtiles) character file.

Game seed: 9552952223361191684

281 raphaelitos the Shield-Bearer (level 5, -11/45 HPs)
             Began as a Demigod Fighter on Dec 26, 2020.
             Killed by divine providence
             ... invoked by an orc priest
              (15 damage)
             ... on level 3 of the Dungeon.
             The game lasted 00:07:55 (2776 turns).

raphaelitos the Shield-Bearer (Demigod Fighter)     Turns: 2776, Time: 00:07:56

Health: -11/45     AC: 13    Str: 21    XL:     5   Next: 77%
Magic:  7/7        EV:  8    Int: 12    God:
Gold:   182        SH: 10    Dex: 15    Spells: 4/4 levels left

rFire    . . .     SeeInvis .   g - +2 mace (holy)
rCold    . . .     Gourm    .   c - +0 kite shield
rNeg     . . .     Faith    .   b - +0 scale mail
rPois    .         Spirit   .   (no helmet)
rElec    .         Reflect  .   r - +1 cloak {MR+}
rCorr    .         Harm     .   (no gloves)
MR       +....                  (no boots)
Stlth    +.........             p - amulet of magic regeneration
HPRegen  0.15/turn              j - +4 ring of protection
MPRegen  0.35/turn              t - ring of stealth

@: stab
A: high mp 1
a: no special abilities


You were on level 3 of the Dungeon.
You were not hungry.

You visited 1 branch of the dungeon, and saw 3 of its levels.

You collected 182 gold pieces.

Inventory:

Hand Weapons
 a - a +0 long sword
 g - a +2 mace of holy wrath (weapon)
Missiles
 e - 2 datura-tipped darts (quivered)
 l - 24 arrows
Armour
 b - a +0 scale mail (worn)
 c - a +0 kite shield (worn)
 r - a +1 cloak of magic resistance (worn)
Jewellery
 j - a +4 ring of protection (left hand)
 m - an uncursed ring of flight {unknown}
 p - an amulet of magic regeneration (around neck)
 t - a ring of stealth (right hand)
Wands
 q - a wand of random effects (8)
Scrolls
 h - a scroll of remove curse
 n - a scroll of amnesia {unknown}
Potions
 d - a potion of might
 i - a potion of ambrosia
 k - a potion of flight
 o - a potion of resistance
 s - a potion of stabbing
 w - a potion of brilliance {unknown}
Comestibles
 f - 7 rations


   Skills:
 + Level 3.1 Fighting
 + Level 3.3 Long Blades
 + Level 2.0 Maces & Flails
 + Level 3.6 Armour
 + Level 1.0 Dodging
 + Level 3.6 Shields


You had 4 spell levels left.
You didn't know any spells.
Your spell library was empty.

Dungeon Overview and Level Annotations

Branches:
Dungeon (3/15)


Innate Abilities, Weirdness & Mutations

You have an increased reservoir of magic. (+10% MP)


Message History

You hit the orc priest but do no damage.
The orc priest is severely wounded.
You block the frilled lizard's attack. The orc priest barely misses you.
The frilled lizard bites you but does no damage.
You closely miss the orc priest.
The orc priest is severely wounded.
You block the orc priest's attack. You block the frilled lizard's attack.
The orc priest hits you with a +0 trident.
* * * LOW HITPOINT WARNING * * *
You hit the orc priest.
The orc priest is almost dead.
The frilled lizard bites you but does no damage.
The orc priest completely misses you. You block the frilled lizard's attack.
You hit the orc priest but do no damage.
The orc priest is almost dead.
You block the orc priest's attack. You block the frilled lizard's attack.
You closely miss the frilled lizard.
The orc priest mumbles some strange prayers to Beogh against you.
Beogh smites you!
You die...

#######.##.#######.#
####.......##.#######.#
#..........)).......#.#
#.##......###.#####.#..
#.#..#.................
#....#....##...........
###.##....##...........
#.##....##...........
#.#l@...##...........
#.#o#...##...........
#...).#...#############
#.#.###...# ## #.
..>... .. # .....##
#### .....# .... ....#
.... ...


You could see an orc priest and a frilled lizard.

Vanquished Creatures
  Crazy Yiuf (D:2)
  An orc priest (D:3)
  2 orc wizards (D:3)
  A howler monkey skeleton (D:3)
  7 adders
  2 oozes (D:2)
  An adder zombie (D:3)
  2 worms
  2 leopard geckos
  5 orcs (D:3)
  2 giant cockroaches
  5 goblins
  5 hobgoblins
  4 jackals (D:2)
  A quokka (D:2)
  2 ball pythons
  9 bats
  7 frilled lizards
  9 kobolds
  9 rats
  A bush (D:1)
78 creatures vanquished.

Notes
Turn   | Place    | Note
-------+----------+-------------------------------------------
     0 | D:1      | raphaelitos the Demigod Fighter began the quest for the
                  | Orb.
     0 | D:1      | Reached XP level 1. HP: 18/18 MP: 3/3
   415 | D:1      | Reached XP level 2. HP: 25/25 MP: 4/4
  1093 | D:2      | Reached XP level 3. HP: 16/30 MP: 5/5
  1614 | D:2      | Reached XP level 4. HP: 35/38 MP: 6/6
  1728 | D:2      | Found a runed translucent door.
  1729 | D:2      | Noticed Crazy Yiuf
  2090 | D:2      | Killed Crazy Yiuf
  2239 | D:3      | Reached XP level 5. HP: 45/45 MP: 7/7
  2311 | D:3      | Reached skill level 1 in Maces & Flails
  2753 | D:3      | Reached skill level 1 in Dodging
  2776 | D:3      | Killed from afar by an orc priest

Illustrated notes

Levels and vault maps discovered:
D:1:      heliophobic_arrival_ceremonial_halls, layout_basic, serial_forest,
          infiniplex_forest_end_2, infiniplex_forest_end_2,
          infiniplex_forest_lined_2, infiniplex_forest_clump_diagonal,
          infiniplex_forest_lined_3_way, infiniplex_forest_end_3,
          infiniplex_forest_lined_3, columned_hall_lemuel,
          minmay_misc_feat_more_columns
D:2:      layout_rooms, first_ration, minmay_fractal_squares_5,
          uniq_crazy_yiuf_cottage
D:3:      minmay_inner_zag, layout_basic, nicolae_ru_sacrificial_ziggurat,
          chequers_serial_rivers_large_a

Skill      XL: |  1  2  3  4  5 |
---------------+----------------+-----
Long Blades    | 2 3 |  3.3
Fighting       | 3 |  3.1
Armour         | 3 |  3.6
Shields        | 3 |  3.6
Maces & Flails | 2 |  2.0
Dodging        | 1 |  1.0

Action                   |  1- 3 |  4- 6 || total
-------------------------+-------+-------++-------
Melee: Long sword        |   193 |       ||   193
       Mace              |     9 |   112 ||   121
  Use: Scroll            |     2 |     4 ||     6
       Potion            |       |     2 ||     2
  Eat: Chunk             |     3 |     4 ||     7
Armor: Scale mail        |   121 |    60 ||   181
Dodge: Dodged            |    74 |    50 ||   124
Block: Kite shield       |   122 |    60 ||   182
       Rpst.: Long sword |    18 |       ||    18
